 Dungeon Crawl Stone Soup version 0.18.1-48-g4cf74bf (webtiles) character file.

6099 Peloso the Blocker (level 10, -14/88 HPs)
             Began as a Minotaur Fighter on Aug 22, 2016.
             Was a Believer of Okawaru.
             Demolished by Gastronok (20 damage)
             ... on level 9 of the Dungeon.
             The game lasted 00:23:16 (7366 turns).

Peloso the Blocker (Minotaur Fighter)               Turns: 7366, Time: 00:23:17

Health: -14/88     AC: 18    Str: 23    XL:     10   Next: 58%
Magic:  9/9        EV:  9    Int:  5    God:    Okawaru [**....]
Gold:   451        SH: 12    Dex: 13    Spells: 0 memorised, 9 levels left

rFire  . . .     SeeInvis +     a - +1 long sword
rCold  . . .     Gourm    .     H - +1 chain mail {MR+}
rNeg   . . .     Faith    .     c - +0 shield
rPois  +         Spirit   .     N - +0 mask of the Dragon {MR+ Slay+3 SInv}
rElec  .         Dismiss  .     v - +2 cloak
rCorr  .         Reflect  .     g - +1 pair of gloves
SustAt .         Harm     .     (no boots)
MR     ++...                    (no amulet)
Stlth  ..........               s - ring of poison resistance
                                q - +2 ring of strength

@: very resistant to hostile enchantments, extremely unstealthy
A: retaliatory headbutt, horns 2
a: Heroism, Renounce Religion


You were on level 9 of the Dungeon.
You worshipped Okawaru.
Okawaru was pleased with you.
You were hungry.

You visited 2 branches of the dungeon, and saw 10 of its levels.
You also visited: Ossuary.

You collected 451 gold pieces.

Inventory:

Hand Weapons
 a - a +1 long sword (weapon)
Armour
 b - a +0 scale mail
 c - a +0 shield (worn)
 g - a +1 pair of gloves (worn)
 k - a +0 cloak
 m - a +0 chain mail
 v - a +2 cloak (worn)
 H - a +1 chain mail of magic resistance (worn)
 N - the +0 mask of the Dragon (worn) {MR+ Slay+3 SInv}
   (You found it on level 8 of the Dungeon)

   It affects your accuracy and damage with ranged weapons and melee attacks
   (+3).
   It affects your resistance to hostile enchantments.
   It lets you see invisible.
Jewellery
 q - a +2 ring of strength (left hand)
 s - a ring of poison resistance (right hand)
Wands
 w - a wand of polymorph (4/24)
 F - a wand of random effects (48/48)
 P - a wand of flame (22/48)
Scrolls
 e - a scroll of blinking
 j - 4 scrolls of teleportation
 n - 4 scrolls of remove curse
 p - 3 scrolls of identify
 u - 3 scrolls of enchant weapon
 y - a scroll of enchant armour
 E - 2 scrolls of amnesia
 G - 2 scrolls of magic mapping
 O - a scroll of acquirement {unknown}
Potions
 d - 2 potions of might
 h - 8 potions of curing
 o - 2 potions of resistance
 r - 2 potions of haste
 x - a potion of flight
 z - 5 potions of heal wounds
 A - 5 potions of brilliance
 C - a potion of cure mutation
 D - 2 potions of agility {unknown}
 J - a potion of mutation {unknown}
 L - a potion of magic {unknown}
 Q - a potion of lignification {unknown}
Books
 B - a book of Clouds

   Spells                             Type                      Level
   a - Mephitic Cloud                 Conjuration/Poison/Air       3
   b - Conjure Flame                  Conjuration/Fire             3
   c - Poisonous Cloud                Conjuration/Poison/Air       6
   d - Freezing Cloud                 Conjuration/Ice/Air          6
   e - Ring of Flames                 Charms/Fire                  7
 K - a book of Cantrips

   Spells                             Type                      Level
   a - Corona                         Hexes                        1
   b - Animate Skeleton               Necromancy                   1
   c - Summon Small Mammal            Summoning                    1
   d - Apportation                    Translocation                1
Comestibles
 f - 8 bread rations
 i - 5 chunks of flesh
 l - 9 slices of pizza
 t - 3 fruits
 I - a meat ration
 M - 2 beef jerkies


   Skills:
 + Level 8.1 Fighting
 + Level 9.5 Long Blades
 + Level 10.1 Armour
 + Level 4.5 Dodging
 + Level 1.3 Stealth
 + Level 11.0 Shields


You had 9 spell levels left.
You didn't know any spells.

Dungeon Overview and Level Annotations

Branches:
Dungeon (9/15)             Temple (1/1) D:7
   Lair: D:8-11         Orc: D:9-12

Altars:
Cheibriados
Dithmenos
Elyvilon
Gozag
Makhleb
Okawaru
Ru
Trog
Yredelemnul
Zin

Annotations:
D:9 Gastronok


Innate Abilities, Weirdness & Mutations

You reflexively headbutt those who attack you in melee.
You have a pair of horns on your head.


Message History

Gastronok waves his eye-stalks in wide circles.
The air twists around and strikes you!
You hit Gastronok. You headbutt Gastronok!
Gastronok is heavily wounded.
You slash Gastronok!
Gastronok is severely wounded.
Gastronok bites you!!
* * * LOW HITPOINT WARNING * * *
You hit Gastronok.
Gastronok is severely wounded.
You slash Gastronok!
Gastronok is severely wounded.
Gastronok's eyestalks quiver as he mumbles some strange words.
Gastronok puts on a burst of speed!
You hit Gastronok. You headbutt Gastronok!
Gastronok is almost dead.
You slash Gastronok!
Gastronok is almost dead.
Gastronok bites you!!
You die...

#### #.....w..# ...# ..
#........# ##.####....
#........##
##.........#####..........
.#........................
#.#.............#.........
.#+.......................
#.#............w#.##......
.......#.#.#+#g#@## ......
........#.#.#.#.#.# ######
.......#.#.#.#.#.##
#.....#.#.#.#.#.#.#
.#.#.#.#.#.#.#.#.##
#+#.#.#.#.#.#.#.#.#
†..#.#.#.#.#.#.#.##
...+#.#.#.#.#.#.#.#
...#.#.#.#.#.#.#.##


You could see Gastronok.

Vanquished Creatures
  The ghost of Anatei the Skirmisher, an amateur HOBe of Trog (D:4)
  2 humans
  Grinder (D:5)
  2 wraiths (Ossuary)
  5 yaks
  Eustachio (D:5)
  4 vampire mosquitoes (D:9)
  A water moccasin (D:6)
  A sky beast (D:8)
  A black bear (D:8)
  3 ice beasts
  A phantom (D:6)
  6 ogres
  7 centaurs
  A big kobold (D:8)
  3 giant frogs
  A wyvern zombie (D:8)
  A gnoll sergeant (D:9)
  A wyvern skeleton (D:6)
  A water moccasin skeleton (D:6)
  2 wights (Ossuary)
  A crimson imp (D:5)
  2 howler monkeys
  2 giant frog zombies
  An orc priest (D:7)
  A jelly (D:6)
  Crazy Yiuf (D:6)
  4 hounds
  A giant frog skeleton (D:5)
  A human zombie (D:2)
  An orc wizard (D:7)
  A centaur skeleton (D:6)
  3 iguanas
  10 worker ants
  2 killer bee zombies
  3 sheep (D:7)
  A hound skeleton (D:7)
  9 adders
  17 gnolls
  2 shadow imps
  A white imp (D:5)
  An ooze (D:6)
  2 adder zombies (Ossuary)
  An adder skeleton (D:8)
  4 worms
  3 dart slugs (D:1)
  5 giant geckos
  7 orcs
  A ball python (D:3)
  8 giant cockroaches
  A goblin (D:2)
  8 hobgoblins
  9 jackals
  13 kobolds
  6 quokkas
  8 bats
  3 giant gecko skeletons
  8 giant newts
  A hobgoblin skeleton (Ossuary)
  A kobold zombie (Ossuary)
  2 orc skeletons (Ossuary)
  3 orc zombies (Ossuary)
  2 quokka skeletons
  6 rats
213 creatures vanquished.

Vanquished Creatures (others)
  Sigmund (D:4)
  A worker ant (D:4)
  An adder (D:2)
  2 giant geckos
  2 jackals (D:4)
7 creatures vanquished.

Grand Total: 220 creatures vanquished

Notes
Turn   | Place    | Note
--------------------------------------------------------------
     0 | D:1      | Peloso the Minotaur Fighter began the quest for the Orb.
     0 | D:1      | Reached XP level 1. HP: 19/19 MP: 0/0
   170 | D:1      | Reached XP level 2. HP: 26/27 MP: 1/1
   183 | D:1      | Reached skill level 4 in Shields
   483 | D:1      | Reached XP level 3. HP: 33/33 MP: 2/2
   518 | D:1      | Found a snail-covered altar of Cheibriados.
   686 | D:2      | Noticed a human
   687 | D:2      | Found a runed door.
   826 | D:2      | Found a basalt altar of Yredelemnul.
   857 | D:2      | Reached XP level 4. HP: 38/40 MP: 3/3
  1466 | D:2      | Reached XP level 5. HP: 47/47 MP: 4/4
  1579 | D:3      | Reached skill level 5 in Shields
  1679 | D:3      | Reached skill level 5 in Armour
  1679 | D:3      | Reached skill level 1 in Dodging
  2315 | D:4      | Reached XP level 6. HP: 50/53 MP: 5/5
  2383 | D:4      | Found a sand-covered staircase.
  2393 | D:4      | Noticed Anatei's ghost (amateur HOBe)
  2399 | D:4      | Noticed Sigmund
  2402 | Ossuary  | Entered an ossuary
  2521 | Ossuary  | Noticed a wraith
  2521 | Ossuary  | Noticed a flying skull
  2531 | Ossuary  | Noticed a flying skull
  2560 | Ossuary  | Noticed a wraith
  2566 | Ossuary  | Killed a wraith
  2578 | Ossuary  | Noticed a wraith
  2580 | Ossuary  | Killed a wraith
  2580 | Ossuary  | Reached skill level 5 in Fighting
  2580 | Ossuary  | Reached skill level 6 in Shields
  2580 | Ossuary  | Reached XP level 7. HP: 56/61 MP: 6/6
  2615 | Ossuary  | Noticed a flying skull
  2723 | Ossuary  | Gained mutation: You have a pair of large horns on your head. [potion of beneficial mutation]
  2851 | D:4      | Killed Sigmund
  3002 | D:4      | Killed a human
  3002 | D:4      | Reached skill level 5 in Long Blades
  3002 | D:4      | Reached skill level 7 in Shields
  3114 | D:4      | Found a sacrificial altar of Ru.
  3115 | D:4      | Found a bloodstained altar of Trog.
  3214 | D:4      | Reached XP level 8. HP: 69/69 MP: 7/7
  3361 | D:4      | Killed Anatei's ghost
  3424 | D:4      | Found a shadowy altar of Dithmenos.
  3589 | D:5      | Entered Level 5 of the Dungeon
  3607 | D:5      | Noticed Eustachio
  3630 | D:5      | Killed Eustachio
  3716 | D:5      | Noticed Grinder
  3728 | D:5      | Paralysed by Grinder for 7 turns
  3740 | D:5      | Killed Grinder
  3740 | D:5      | Reached skill level 1 in Stealth
  3830 | D:5      | Reached skill level 8 in Shields
  4044 | D:5      | Reached XP level 9. HP: 78/78 MP: 8/8
  4306 | D:5      | Found a glowing silver altar of Zin.
  4306 | D:5      | Noticed an angel
  4475 | D:6      | Reached skill level 9 in Shields
  4585 | D:6      | Noticed Crazy Yiuf
  4592 | D:6      | Killed Crazy Yiuf
  4868 | D:6      | Found an opulent altar of Gozag.
  4870 | D:6      | Found a burning altar of Makhleb.
  5338 | D:7      | Found a staircase to the Ecumenical Temple.
  5389 | Temple   | Entered the Ecumenical Temple
  5399 | Temple   | Became a worshipper of Warmaster Okawaru
  6065 | D:8      | Found a sacrificial altar of Ru.
  6269 | D:8      | Reached * piety under Okawaru
  6332 | D:8      | Reached XP level 10. HP: 86/86 MP: 9/9
  6375 | D:8      | Reached skill level 10 in Shields
  6420 | D:8      | Found a white marble altar of Elyvilon.
  6451 | D:8      | Lost mutation: You have a pair of large horns on your head. [potion of cure mutation]
  6674 | D:8      | Reached skill level 10 in Armour
  7200 | D:9      | Reached ** piety under Okawaru
  7323 | D:9      | Reached skill level 11 in Shields
  7325 | D:9      | Noticed Gastronok
  7366 | D:9      | Demolished by Gastronok

Skill      XL: |  1  2  3  4  5  6  7  8  9 10 |
---------------+-------------------------------+-----
Shields        | 4 5 6 7 8 9 11 | 11.0
Armour         | 4 5 6 7 8 9 10 | 10.1
Fighting       | 4 5 6 7 8 |  8.1
Long Blades    | 3 4 5 6 8 9 |  9.5
Dodging        | 1 2 3 4 |  4.5
Stealth        | 1 |  1.3

Action                   |  1- 3 |  4- 6 |  7- 9 | 10-12 || total
-------------------------+-------+-------+-------+-------++-------
Melee: Long sword        |    81 |   158 |   332 |   145 ||   716
       Headbutt          |    11 |    40 |    92 |    40 ||   183
  Use: Potion            |       |     1 |     1 |     1 ||     3
       Scroll            |       |       |    18 |     3 ||    21
  Eat: Chunk             |       |     5 |    12 |     4 ||    21
Armor: Scale mail        |    30 |       |       |       ||    30
       Chain mail        |    11 |    72 |   153 |    67 ||   303
Dodge: Dodged            |    18 |    48 |    63 |    50 ||   179
Block: Shield            |    50 |    79 |   206 |    95 ||   430
